Map: New Repugnancy LE

Players

Harstem

  • Race: Protoss Protoss
  • Spawn Location: 1:00

aLive - Winner!

  • Race: Terran Terran
  • Spawn Location: 7:00

Event: IEM Season 13: Katowice (2019)

VOD

Have the link to the VOD?

Description

Time

  • Played on: Feb. 25, 2019, 12:27 p.m.
  • Length: 8:13

All games in this series

Show
View Real Time Build Order
Export as new Build Order

Harstem Protoss 

Build Orders: 1 Gate Expand, Blink Stalkers 

Get SALT Encoding   

  12  0:08  Pylon  
  12  0:13  Probe  
  13  0:26  Probe  
  13  0:27  Gateway  
  13  0:34  Probe  
  14  0:42  Assimilator  
  15  0:44  Probe  
  16  0:56  Probe  
  17  1:08  Probe  
  18  1:14  Cybernetics Core  
  18  1:20  Probe  
  19  1:31  Nexus  
  19  1:34  Probe  
  20  1:41  Adept  
  20  1:42  Pylon  
  20  1:46  Probe  
  23  1:56  Assimilator  
  23  2:00  Probe  
  24  2:02  Warp Gate, Adept  
  24  2:14  Probe  
  26  2:27  Probe  
  27  2:32  Stalker  
  29  2:39  Probe  
  30  2:48  Probe  
  31  2:51  Probe  
  32  3:00  Probe  
  32  3:02  Twilight Council, Stalker  
  32  3:03  Probe  
  36  3:12  Probe  
  37  3:15  Probe  
  38  3:21  Blink  
  38  3:24  Probe  
  39  3:28  Probe  
  37  3:36  Probe, Robotics Facility  
  37  3:40  Probe  
  39  3:48  Probe  
  40  3:52  Probe  
  40  3:54  Gateway  
  40  3:55  Gateway  
  41  3:59  Stalker  
  41  4:01  Probe  
  44  4:05  Pylon  
  44  4:08  Probe  
  45  4:13  Probe  
  46  4:18  Pylon  
  46  4:19  Observer  
  46  4:23  Stalker, Probe  
  49  4:27  Probe  
  49  4:30  Assimilator  
  50  4:43  Probe  
  48  4:47  Adept  
  48  4:48  Probe  
  48  4:50  Stalker  
  48  4:51  Stalker  
  53  4:55  Probe  
  53  4:57  Probe  
  54  5:05  Probe x2, Assimilator  
  54  5:13  Pylon  
  56  5:14  Probe  
  56  5:19  Probe  
  56  5:20  Robotics Bay  
  58  5:23  Probe  
  59  5:29  Pylon  
  59  5:31  Probe, Charge  
  60  5:36  Forge  
  60  5:42  Probe  
  61  5:46  Observer  
  60  5:51  Probe  
  60  5:54  Probe  
  60  5:56  Stalker  
  63  6:03  Probe  
  64  6:05  Sentry, Zealot  
  64  6:06  Probe, Pylon  
  64  6:08  Colossus  
  75  6:15  Probe  
  76  6:18  Protoss Ground Weapons Level 1  
  76  6:29  Pylon  
  76  6:34  Probe  
  76  6:37  Gateway  
  76  6:38  Gateway  
  76  6:39  Pylon  
  77  6:46  Gateway  
  77  6:48  Zealot x2  
  81  6:55  Colossus  
  77  7:02  Probe  
  77  7:05  Probe  
  80  7:13  Zealot x3  
  80  7:14  Probe  
  81  7:18  Probe  
  63  7:33  Zealot x4  
  63  7:40  Probe  
  63  7:42  Sentry  
  63  7:43  Sentry  
  66  7:45  Probe  
  65  7:54  Stalker x2  
  65  7:56  Probe  
  70  8:01  Probe  
  70  8:02  Sentry  
  73  8:10  Zealot x2  
Show
View Real Time Build Order
Export as new Build Order

aLive Terran - Winner!

Build Orders: Gas First Reaper Expand 

Get SALT Encoding   

  12  0:00  SCV  
  13  0:12  SCV  
  14  0:17  Supply Depot  
  14  0:24  SCV  
  14  0:28  Refinery  
  15  0:38  SCV  
  16  0:44  Barracks  
  16  0:51  SCV  
  17  1:03  SCV  
  18  1:15  SCV  
  19  1:31  Reaper, Orbital Command  
  20  1:44  Command Center  
  20  1:56  Factory  
  20  1:59  SCV  
  21  2:06  Barracks Reactor  
  21  2:11  Supply Depot  
  21  2:13  SCV  
  22  2:17  Refinery  
  22  2:25  SCV  
  23  2:37  SCV  
  23  2:42  Marine  
  23  2:43  Hellion, Marine  
  28  2:46  Starport  
  27  2:52  SCV, Supply Depot  
  28  3:00  Marine x2  
  29  3:06  Widow Mine  
  31  3:13  SCV  
  31  3:18  Marine x2  
  34  3:25  Medivac  
  34  3:26  SCV  
  37  3:35  Widow Mine  
  39  3:43  Marine x2  
  39  3:44  Orbital Command, SCV  
  42  3:56  Starport Tech Lab  
  42  3:57  Factory Tech Lab  
  42  4:01  Marine x2  
  44  4:04  SCV  
  44  4:08  Supply Depot  
  46  4:10  SCV  
  46  4:15  Cloaking Field  
  46  4:16  Banshee  
  49  4:21  SCV  
  49  4:22  SCV  
  51  4:25  Siege Tank  
  54  4:34  SCV x2  
  54  4:40  Marine x2  
  55  4:46  SCV x2  
  55  4:47  Supply Depot  
  57  4:58  Siege Tank  
  60  5:01  Barracks  
  60  5:03  SCV x2  
  60  5:04  Barracks  
  60  5:05  Marine x2  
  62  5:08  Banshee  
  62  5:10  Refinery, Supply Depot  
  62  5:13  Refinery  
  65  5:18  SCV  
  65  5:19  SCV  
  67  5:22  Supply Depot  
  67  5:24  Marine  
  67  5:27  Marine  
  69  5:34  SCV x2  
  71  5:39  Factory Reactor  
  71  5:40  Engineering Bay  
  71  5:42  Marine  
  72  5:45  Marine  
  72  5:46  SCV x2  
  75  5:58  SCV x2  
  75  6:00  Starport Reactor, Combat Shield, Stimpack, Marine x2  
  75  6:01  Marine  
  80  6:07  Terran Infantry Weapons Level 1  
  80  6:10  Supply Depot  
  80  6:20  SCV  
  81  6:27  Marine x2  
  81  6:28  Marauder  
  81  6:32  Marauder, Supply Depot x2  
  87  6:34  SCV x2  
  89  6:41  Widow Mine x2  
  93  6:51  Medivac  
  93  6:53  Medivac  
  96  7:01  Marine  
  96  7:02  Marauder x2, Marine  
  96  7:05  Command Center  
  99  7:22  Barracks  
  99  7:24  Barracks  
  89  7:33  Marine x2  
  89  7:34  Marauder x2  
  93  7:37  SCV x2  
  93  7:42  Supply Depot  
  93  7:43  Supply Depot  
  93  7:51  Widow Mine x2  
  93  7:55  Marine x2  
  105  8:01  SCV x2  

Tags
 
Add a new tag
Caveats
  • Supply blocks, unpowered buildings, or Contaminate may cause inaccurate times.
  • Supply counts are checked every 10 seconds.